 Dungeon Crawl Stone Soup version 0.29.1-1-gd02db6906a (webtiles) character file.

Game seed: 15645053969377041816

604 Araneus the Cudgeller (level 7, 0/52 HPs)
             Began as a Demonspawn Fighter on Sept 30, 2022.
             Killed from afar by Dowan (8 damage)
             ... with a stone arrow
             ... on level 5 of the Dungeon.
             The game lasted 00:08:32 (3773 turns).

Araneus the Cudgeller (Demonspawn Fighter)          Turns: 3773, Time: 00:08:33

Health: 0/52       AC: 16    Str: 18    XL:     7   Next: 18%
Magic:  7/7        EV:  9    Int:  9    God:
Gold:   193        SH:  4    Dex: 13    Spells: 6/6 levels left

rFire   . . .      SeeInvis +   p - +4 whip of the Ass {vorpal, Will+ SInv}
rCold   . . .      Faith    .   c - +0 buckler
rNeg    . . .      Spirit   .   b - +0 scale mail
rPois   .          Reflect  .   (no helmet)
rElec   .          Harm     .   (no cloak)
rCorr   +          Rampage  .   r - +0 pair of gloves
Will    +....                   (no boots)
Stlth   ..........              (no amulet)
HPRegen 0.17/turn               e - ring of resist corrosion
MPRegen 0.10/turn               (no ring)

@: sanguine armoured
A: hooves 1, powered by death 1, sanguine armour 2
a: no special abilities


You were on level 5 of the Dungeon.
You visited 1 branch of the dungeon, and saw 5 of its levels.

You collected 193 gold pieces.

Inventory:

Hand Weapons
 a - a +0 flail
 p - the +4 whip of the Ass (weapon) {vorpal, Will+ SInv}
   (You found it on level 2 of the Dungeon)

   It inflicts extra damage upon your enemies.
   SInv:      It lets you see invisible.
   Will:      It increases your willpower.
Missiles
 n - 2 throwing nets (quivered)
Armour
 b - a +0 scale mail (worn)
 c - a +0 buckler (worn)
 r - a +0 pair of gloves (worn)
Jewellery
 e - a ring of resist corrosion (left hand)
Scrolls
 f - a scroll of enchant armour {unknown}
 h - 3 scrolls of teleportation {unknown}
 i - 3 scrolls of immolation {unknown}
 j - a scroll of butterflies {unknown}
 m - 4 scrolls of identify {unknown}
 s - a scroll of enchant weapon {unknown}


   Skills:
 - Level 3.0 Fighting
 + Level 7.3 Maces & Flails
 - Level 2.6 Armour
 - Level 2.6 Shields


You had 6 spell levels left.
You didn't know any spells.
Your spell library contained the following spells:

 Spells                   Type           Power      Damage    Failure   Level
 Poisonous Vapours        Pois/Air       0%         N/A       95%         2
 Corpse Rot               Necr/Pois/Air  0%         N/A       100%        4


Dungeon Overview and Level Annotations

Branches:
Dungeon (5/15)
 Temple: D:4-7

Altars:
Ashenzari
Dithmenos
Gozag
Okawaru

Shops:
D:5 (

Annotations:
D:4 3 runed translucent doors, Pingasnik's ghost, amateur VSBe
D:5 Dowan


Innate Abilities, Weirdness & Mutations

You have large cloven feet.
You regenerate a little health from kills.
When seriously injured, your blood forms thick armour. (AC +9)


Message History

Items here: ) / [ †.
Dowan casts a spell at you.
The shard of ice hits you but does no damage.
Dowan hits you but does no damage.
There is an open door here.
You completely miss Dowan.
Dowan is lightly wounded.
Dowan points at you and mumbles some strange words.
The shard of ice hits you!!
* * * LOW HITPOINT WARNING * * *
You are too injured to fight recklessly!
You are too injured to fight recklessly!
You closely miss Dowan. You kick Dowan.
Dowan is heavily wounded.
Dowan says, "Magic will overcome all!"
Dowan hits you with a +6 vampiric dagger.
* * * LOW HITPOINT WARNING * * *
Dowan draws strength from your wounds!
You aren't carrying any potions.
You hit Dowan.
Dowan is heavily wounded.
Dowan hits you but does no damage.
You barely miss Dowan.
Dowan is heavily wounded.
Dowan hits you but does no damage.
Dowan mumbles some strange words.
Dowan blinks!
Dowan casts a spell.
Dowan blinks!
There is a stone staircase leading down here.
Items here: ) / [ †.
Dowan casts a spell.
Dowan blinks!
There is an open door here.
You close the door.
Dowan opens the door.
You open the door. Dowan casts a spell at you. The stone arrow hits you!
You die...

###.∩###### #...).....#
#.##)....<# #> ##..#..#
##+## # #.)#[.# ##...##
#.###..#..###.....##
#.........##.......##
######.....##.........#
............'@........+
######...####.........#
##.## ##.......## #.#
##.e...## #.# ##...##
#.# ##'## #.# #.# #.#
###>##### #.# #.).....#


You could see Dowan (fast).

Vanquished Creatures
  Duvessa (D:5)
  A phantom (D:2)
  A necrophage (D:4)
  2 hounds (D:4)
  2 jellies
  2 orc priests (D:5)
  Ijyb (D:5)
  A gnoll (D:1)
  8 adders
  2 worms
  5 dart slugs
  4 orcs
  6 ball pythons
  5 bats
  3 endoplasms
  2 giant cockroaches
  5 goblins
  10 hobgoblins
  2 jackals (D:4)
  4 quokkas
  A frilled lizard (D:1)
  7 kobolds
  A rat (D:2)
76 creatures vanquished.

Notes
Turn   | Place    | Note
-------+----------+-------------------------------------------
     0 | D:1      | Araneus the Demonspawn Fighter began the quest for the Orb.
     0 | D:1      | Reached XP level 1. HP: 18/18 MP: 1/1
    25 | D:1      | Reached skill level 2 in Maces & Flails
   152 | D:1      | Gained mutation: When seriously injured, your blood forms
                  | armour. (AC +9) [demonic ancestry]
   152 | D:1      | Reached XP level 2. HP: 11/24 MP: 2/2
   411 | D:1      | Reached skill level 3 in Maces & Flails
   639 | D:1      | Gained mutation: You regenerate a little health from kills.
                  | [demonic ancestry]
   639 | D:1      | Reached XP level 3. HP: 21/29 MP: 3/3
  1363 | D:2      | Noticed a phantom
  1367 | D:2      | Identified the +4 whip of the Ass {vorpal, Will+ SInv}
  1398 | D:2      | Killed a phantom
  1399 | D:2      | Reached skill level 4 in Maces & Flails
  1399 | D:2      | Gained mutation: You have large cloven feet. [demonic
                  | ancestry]
  1399 | D:2      | Reached XP level 4. HP: 21/35 MP: 4/4
  1581 | D:2      | Found a faded altar of an unknown god.
  1672 | D:2      | Reached XP level 5. HP: 35/41 MP: 5/5
  1914 | D:3      | Found a broken altar of Ashenzari.
  1918 | D:3      | Saw a vision of the Swamp and the Spider Nest.
  1918 | D:3      | Noticed a wolf spider
  1918 | D:3      | Noticed a bloated husk
  1918 | D:3      | Noticed a jumping spider
  1918 | D:3      | Noticed a boulder beetle
  1918 | D:3      | Noticed a redback
  1918 | D:3      | Noticed a spriggan druid
  1918 | D:3      | Noticed a redback
  1918 | D:3      | Noticed a tarantella
  1918 | D:3      | Noticed a culicivora
  1918 | D:3      | Noticed a tarantella
  1918 | D:3      | Noticed a spriggan druid
  1918 | D:3      | Noticed a spriggan rider
  1918 | D:3      | Noticed a culicivora
  1918 | D:3      | Noticed a culicivora
  1919 | D:3      | Noticed an entropy weaver
  1919 | D:3      | Noticed a demonic crawler
  2181 | D:3      | Reached skill level 5 in Maces & Flails
  2900 | D:4      | Gained mutation: When seriously injured, your blood forms
                  | thick armour. (AC +9) [demonic ancestry]
  2900 | D:4      | Reached XP level 6. HP: 41/47 MP: 6/6
  2928 | D:4      | Reached skill level 6 in Maces & Flails
  2937 | D:4      | Found a shadowy altar of Dithmenos.
  3109 | D:4      | Found a runed translucent gate.
  3109 | D:4      | Found a runed translucent gate.
  3109 | D:4      | Found a runed translucent gate.
  3111 | D:4      | Found an opulent altar of Gozag.
  3114 | D:4      | Noticed a steam dragon
  3114 | D:4      | Noticed Pingasnik's ghost (amateur VSBe)
  3349 | D:4      | Found an iron altar of Okawaru.
  3494 | D:5      | Entered Level 5 of the Dungeon
  3494 | D:5      | Found Idghim's Weapon Emporium.
  3505 | D:5      | HP: 3/69 [orc/+0 hand axe (2)]
  3718 | D:5      | Noticed Ijyb
  3718 | D:5      | Noticed Dowan
  3718 | D:5      | Noticed Duvessa
  3744 | D:5      | Killed Ijyb
  3753 | D:5      | Killed Duvessa
  3754 | D:5      | Reached skill level 7 in Maces & Flails
  3754 | D:5      | Reached XP level 7. HP: 31/52 MP: 7/7
  3773 | D:5      | Killed from afar by Dowan

Illustrated notes

Levels and vault maps discovered:
D:1:      psy_arrival_spokes, layout_loops_corners, st_stairs_9
D:2:      layout_rooms, hellmonk_ecumenical_altar_prayer_group
D:3:      layout_basic, grunt_ashenzari_visionary
          [grunt_ashenzari_visionary_swamp, grunt_ashenzari_visionary_spider],
          serial_curves, eino_curves_04, eino_curves_01
D:4:      layout_cave_pools, nicolae_overflow_crystal_walls, okawaru_gym_becter,
          ebering_ghost_gozag
D:5:      layout_loops_corners, temple_pool_b, serial_shops,
          nicolae_shop_temple_entry_statues_fountains, shop, shop_fountains,
          nicolae_shop_hallway_stairs, uniq_duvessa, uniq_ijyb

Skill      XL: |  1  2  3  4  5  6 |
---------------+-------------------+-----
Maces & Flails | 2 3 4 5 7 |  7.3
Fighting       | |  3.0
Armour         | |  2.6
Shields        | |  2.6

Action                   |  1- 3 |  4- 6 |  7- 9 || total
-------------------------+-------+-------+-------++-------
Melee: Flail             |    92 |       |       ||    92
       Whip              |    15 |   149 |     5 ||   169
       Kick              |       |    26 |     2 ||    28
  Use: Potion            |       |     7 |       ||     7
Armor: Scale mail        |    58 |    47 |     4 ||   109
       Skin              |       |     6 |       ||     6
Dodge: Dodged            |    61 |    55 |       ||   116
Block: Buckler           |    33 |    22 |       ||    55
